 Dungeon Sprint DCSS version 0.28-a0-1447-ga5a8893891 (webtiles) character file.

Game seed: 17120578216037656003

140 tatocazan the Covered (level 4, 0/42 HPs)
             Began as a Demigod Fighter on Jan 11, 2022.
             Slain by an iguana (5 damage)
             ... in the Dungeon (Sprint IX: "|||||||||||||||||||||||||||||").
             The game lasted 00:00:19 (49 turns).

tatocazan the Covered (Demigod Fighter)               Turns: 49, Time: 00:00:20

Health: 0/42       AC:  7    Str: 21    XL:     4   Next: 72%
Magic:  6/6        EV:  9    Int: 10    God:
Gold:   0          SH:  5    Dex: 13    Spells: 3/3 levels left

rFire   . . .      SeeInvis .   a - +0 war axe
rCold   . . .      Faith    .   c - +0 buckler
rNeg    . . .      Spirit   .   b - +0 scale mail
rPois   .          Reflect  .   (no helmet)
rElec   .          Harm     .   (no cloak)
rCorr   .          Rampage  .   (no gloves)
Will    .....      NoTele   +   (no boots)
Stlth   ..........              (no amulet)
HPRegen 0.14/turn               (no ring)
MPRegen 0.10/turn               (no ring)

@: lethally poisoned (0 -> -3), on berserk cooldown, slowed, very slow
A: high mp 1, forlorn, divine attributes
a: no special abilities


You were in the Dungeon.
You visited 1 branch

Inventory:

Hand Weapons
 a - a +0 war axe (weapon)
Armour
 b - a +0 scale mail (worn)
 c - a +0 buckler (worn)
Scrolls
 j - a scroll of blinking
Potions
 d - a potion of might
 e - a potion of curing
 g - a potion of haste
 h - 2 potions of magic


   Skills:
 + Level 5.3 Fighting
 + Level 4.8 Axes
 + Level 5.3 Armour
 + Level 5.2 Shields


You had 3 spell levels left.
You didn't know any spells.
Your spell library was empty.

Dungeon Overview and Level Annotations

Branches:
Dungeon (1/1)


Innate Abilities, Weirdness & Mutations

You have an increased reservoir of magic. (+10% MP)
You shall have no god before yourself.
Your divine heritage dramatically boosts your attributes as you level up.


Message History

The howler monkey is severely wounded.
The howler monkey hoots and howls with incredible vigour!
You hit the howler monkey.
The howler monkey is almost dead.
The howler monkey hits you.
You take 1 damage, and have 42/49 hp.
You closely miss the howler monkey.
The howler monkey is almost dead.
The howler monkey hits you.
You take 5 damage, and have 37/49 hp.
You slice the howler monkey!!
You kill the howler monkey!
Your Axes skill increases to level 4!
You regained 2 hp, and now have 39/51 hp.
You slice the scorpion!!
The scorpion is almost dead.
The scorpion stings you.
You are poisoned.
The scorpion poisons you!
You take 4 damage, and have 35/51 hp.
You slice the scorpion!!
You kill the scorpion!
You are no longer berserk.
You are exhausted.
You feel yourself slow down.
You feel sick.
Your Fighting skill increases to level 5!
Your Armour skill increases to level 5!
Your Shields skill increases to level 5!
You have reached level 4!
You now have 26/42 hp.
You closely miss the iguana.
You feel very sick. The iguana bites you!
You take 10 damage, and have 16/42 hp.
MASSIVE DAMAGE!!
You hit the iguana.
The iguana is moderately wounded.
You feel sick. The iguana bites you!
* * * LOW HITPOINT WARNING * * *
The iguana bites you.
You die...

▓.▓
▓.▓
▓.▓
▓†▓
▓†▓
▓.▓
▓.▓
▓.▓
▓@▓
▓l▓
▓.▓
▓.▓
▓.▓
▓.▓
▓.▓
▓+▓


You could see an iguana.

Vanquished Creatures
  A scorpion (D)
  A howler monkey (D)
  An iguana (D)
  A gnoll (D)
  A giant cockroach (D)
  A hobgoblin (D)
  A quokka (D)
  A bat (D)
  A frilled lizard (D)
9 creatures vanquished.

Notes
Turn   | Place    | Note
-------+----------+-------------------------------------------
     0 | D        | tatocazan the Demigod Fighter began the quest for the Orb.
     0 | D        | Reached XP level 1. HP: 18/18 MP: 3/3
    29 | D        | Noticed an iguana
    29 | D        | Noticed a howler monkey
    29 | D        | Noticed a scorpion
    29 | D        | Noticed an iguana
    37 | D        | Reached XP level 2. HP: 26/26 MP: 4/4
    40 | D        | Reached XP level 3. HP: 33/33 MP: 5/5
    47 | D        | Killed a scorpion
    48 | D        | Reached skill level 5 in Fighting
    48 | D        | Reached skill level 5 in Armour
    48 | D        | Reached skill level 5 in Shields
    48 | D        | Reached XP level 4. HP: 26/42 MP: 6/6
    49 | D        | Slain by an iguana

Illustrated notes

Levels and vault maps discovered:
D:        linesprint [early_d, line_temple, items_1, d_10, items_2, lair_1,
          lair_end, items_3, orc_1, orc_end, items_4, d_15, swamp_1, shoals_1,
          snake_1, spider_1, d_20, vaults_1, items_5, swamp_end, shoals_end,
          snake_end, spider_end, vaults_end, d_27, items_6, zot_1, zot_end,
          crypt_end, forest_end, elf_end, slime_end, tomb_end, abyss_end,
          pan_hell_end]

Skill      XL: |  1  2  3 |
---------------+----------+-----
Axes           | 2 3 4 |  4.8
Fighting       | 3 4 5 |  5.3
Armour         | 3 4 5 |  5.3
Shields        | 3 4 5 |  5.2

Action                   |  1- 3 |  4- 6 || total
-------------------------+-------+-------++-------
Melee: War axe           |    35 |     2 ||    37
  Use: Potion            |     2 |       ||     2
Armor: Scale mail        |    14 |       ||    14
Dodge: Dodged            |     9 |       ||     9
Block: Buckler           |     8 |       ||     8

Table legend: (Time is in decaauts)
 A = Elapsed time spent in this place.
 B = Non-inter-level travel time spent in this place.
 C = Inter-level travel time spent in this place.
 D = Time resting spent in this place.
 E = Time spent auto-exploring this place.
 F = Levels seen in this place.
 G = Mean time per level.
                   A        B        C        D        E       F      G
               +--------+--------+--------+--------+--------+-----+--------+
         Total |     59 |     59 |      0 |      0 |      0 |   1 |   59.0 |
       Dungeon |     59 |     59 |      0 |      0 |      0 |   1 |   59.0 |
               +--------+--------+--------+--------+--------+-----+--------+

Top non-repeatable levels by time:
       D: 59 daAuts
